 Dungeon Crawl Stone Soup version 0.30.0-15-g856e2d3f33 (webtiles) character file.

Game seed: 8974681034266006027

1262 booth the Conjurer (level 8, -16/61 HPs)
             Began as a Demonspawn Reaver on May 18, 2023.
             Demolished by a red devil
             ... wielding a +0 trident
             ... summoned by a kobold demonologist
              (19 damage)
             ... on level 5 of the Dungeon.
             The game lasted 00:39:15 (5122 turns).

booth the Conjurer (Demonspawn Reaver)              Turns: 5122, Time: 00:39:16

Health: -16/61     AC:  3    Str: 14    XL:     8   Next: 27%
Magic:  13/14      EV: 12    Int: 16    God:
Gold:   237        SH:  0    Dex: 11    Spells: 9/15 levels left

rFire   . . .        a - +0 hand axe
rCold   . . .        (no shield)
rNeg    . . .        b - +0 leather armour
rPois   .            (helmet unavailable)
rElec   .            (no cloak)
rCorr   .            (no gloves)
SInv    .            (no boots)
Will    .....        (no amulet)
Stlth   +            (no ring)
HPRegen 0.30/turn    (no ring)
MPRegen 0.14/turn

%: clarity
@: spiked
A: claws 2, hooves 1, horns 3, foul stench 2, clarity, MP-powered wands, sturdy
frame 1
a: no special abilities


You were on level 5 of the Dungeon.
You visited 1 branch of the dungeon, and saw 5 of its levels.

You collected 237 gold pieces.

Inventory:

Hand Weapons
 a - a +0 hand axe (weapon)
 j - a +0 flail
Missiles
 e - a boomerang (quivered)
Armour
 b - a +0 leather armour (worn)
 l - a +0 scale mail of fire resistance
Scrolls
 d - 3 scrolls of enchant weapon {unknown}
 m - a scroll of butterflies
Potions
 h - a potion of mutation
 k - a potion of invisibility {unknown}
 n - a potion of degeneration {unknown}


   Skills:
 + Level 4.4 Fighting
 + Level 4.5 Axes
 + Level 2.7 Armour
 - Level 2.7 Dodging
 + Level 4.2 Spellcasting
 + Level 5.0 Conjurations
 - Level 1.7 Necromancy
 - Level 1.5 Translocations
 + Level 2.4 Transmutations


You had 9 spell levels left.
You knew the following spells:

 Your Spells              Type           Power      Damage    Failure   Level
a - Kiss of Death         Conj/Necr      56%        2d9       4%          1
b - Momentum Strike       Conj/Tloc      26%        3d8       7%          2
c - Beastly Appendage     Tmut           22%        N/A       6%          1
d - Wereblood             Tmut           11%        N/A       10%         2

Your spell library contained the following spells:

 Spells                   Type           Power      Damage    Failure   Level
 Slow                     Hex            12%        N/A       17%         1
 Hailstorm                Conj/Ice       11%        3d5       19%         3
 Vampiric Draining        Necr           8%         2d6       26%         3
 Spider Form              Tmut/Pois      7%         N/A       30%         3
 Confusing Touch          Hex            3%         N/A       45%         3


Dungeon Overview and Level Annotations

Branches:
Dungeon (5/15)
 Temple: D:4-7

Altars:
Nemelex Xobeh
Okawaru
Ru

Shops:
D:1 :*(:[


Innate Abilities, Weirdness & Mutations

You have very sharp fingernails.
You have large cloven feet.
You have a pair of large horns on your head.
You sometimes emit foul miasma when damaged in melee.
You possess an exceptional clarity of mind.
You expend magic power (3 MP) to strengthen your wands.
Your movements are slightly less encumbered by armour. (ER -2)


Message History

The kobold demonologist is heavily wounded.
The red devil barely misses you.
The kobold demonologist hits you but does no damage.
You hit the kobold demonologist.
You kick the kobold demonologist, but do no damage.
You headbutt the kobold demonologist.
The kobold demonologist is heavily wounded.
You are no longer robbed of momentum.
The red devil hits you from afar with a +0 trident!!
Barbed spikes become lodged in your body.
The kobold demonologist hits you with a +0 dagger.
* * * LOW HITPOINT WARNING * * *
You barely miss the kobold demonologist.
Your kick misses the kobold demonologist.
You headbutt the kobold demonologist, but do no damage.
The kobold demonologist is heavily wounded.
The red devil hits you from afar with a +0 trident.
* * * LOW HITPOINT WARNING * * *
Barbed spikes become lodged in your body.
The kobold demonologist hits you but does no damage.
You barely miss the kobold demonologist.
Your kick misses the kobold demonologist.
The kobold demonologist is heavily wounded.
The red devil hits you from afar with a +0 trident!
* * * LOW HITPOINT WARNING * * *
Barbed spikes become lodged in your body.
The kobold demonologist hits you but does no damage.
It was a potion of mutation.
You feel extremely strange. The horns on your head grow some more.
Your thoughts seem clearer.
You feel your magical essence link to the dungeon's wands.
You feel less encumbered by your armour.
The red devil closely misses you.
The kobold demonologist hits you with a +0 dagger.
* * * LOW HITPOINT WARNING * * *
As you read the scroll labelled LEPRA FETE, it crumbles to dust.
It is a scroll of amnesia.
Really abort (and waste the scroll)?
Okay, then.
The red devil hits you from afar with a +0 trident!!
You die...

#. .# #. ## .# #. #.
.## #. .#.. ###. ...#
... #..#
#####.######..###.##
#.......)@K4K..(....
.......######.)######
#.. ##.###.
#..########.# ..
#...........## #.#
#............## #.
#.####### #..## #.
#.# #..## #. #.#
#####....
#.#####........


You could see a kobold demonologist, a red devil (summoned) and a kobold.

Vanquished Creatures
  2 kobold demonologists (D:5)
  2 black bears (D:5)
  A kobold brigand (D:5)
  3 hounds
  A jelly (D:4)
  2 orc priests
  2 iguanas
  An orc wizard (D:3)
  10 adders
  4 gnolls
  An ufetubus (D:5)
  3 worms
  2 dart slugs
  7 orcs
  4 ball pythons
  6 endoplasms
  6 giant cockroaches
  8 goblins
  6 hobgoblins
  6 kobolds
  4 quokkas
  8 bats
  A frilled lizard (D:2)
  9 rats
99 creatures vanquished.

Vanquished Creatures (others)
  An orc wizard (D:5)
1 creature vanquished.

Grand Total: 100 creatures vanquished

Notes
Turn   | Place    | Note
-------+----------+-------------------------------------------
     0 | D:1      | booth the Demonspawn Reaver began the quest for the Orb.
     0 | D:1      | Reached XP level 1. HP: 16/16 MP: 3/3
   319 | D:1      | Found Haghecid's Antique Armour Emporium.
   342 | D:1      | Discovered your monstrous ancestry.
   342 | D:1      | Gained mutation: You have sharp fingernails. [demonic
                  | ancestry]
   342 | D:1      | Reached XP level 2. HP: 21/22 MP: 5/5
   384 | D:1      | Found Rearrahyx's Book Emporium.
   407 | D:1      | Learned a level 2 spell: Momentum Strike
   609 | D:1      | Found Qoyjoug's Book Shoppe.
   710 | D:1      | Found Acaemide's Antique Weapon Shop.
   887 | D:1      | Found Pevvasi's General Store.
  1083 | D:2      | Gained mutation: You have large cloven feet. [demonic
                  | ancestry]
  1083 | D:2      | Reached XP level 3. HP: 27/27 MP: 6/6
  1606 | D:2      | HP: 1/26 [gnoll/+0 flail (7)]
  1702 | D:3      | Found an iron altar of Okawaru.
  1905 | D:3      | Gained mutation: You have a pair of small horns on your
                  | head. [demonic ancestry]
  1905 | D:3      | Reached XP level 4. HP: 22/33 MP: 7/7
  2282 | D:3      | Reached skill level 1 in Necromancy
  2516 | D:3      | Reached skill level 1 in Translocations
  2521 | D:3      | Gained mutation: You may rarely emit foul miasma when
                  | damaged in melee. [demonic ancestry]
  2521 | D:3      | Reached XP level 5. HP: 12/36 MP: 7/9
  2823 | D:3      | Found a sparkling altar of Nemelex Xobeh.
  2946 | D:3      | Identified a scroll of acquirement
  2964 | D:4      | Upgraded the game from 0.30.0-13-g156ef70053 to
                  | 0.30.0-15-g856e2d3f33
  3366 | D:4      | Found a sacrificial altar of Ru.
  3396 | D:4      | Gained mutation: You have very sharp fingernails. [demonic
                  | ancestry]
  3396 | D:4      | Reached XP level 6. HP: 43/43 MP: 10/10
  4046 | D:4      | Reached skill level 4 in Conjurations
  4221 | D:5      | Entered Level 5 of the Dungeon
  4226 | D:4      | Acquired a book of Changes
  4240 | D:5      | Reached skill level 1 in Armour
  4495 | D:5      | Noticed a kobold demonologist
  4495 | D:5      | Noticed a kobold demonologist
  4503 | D:5      | Noticed a neqoxec
  4518 | D:5      | Noticed a hellwing
  4546 | D:5      | Killed a kobold demonologist
  4547 | D:5      | Reached skill level 1 in Transmutations
  4547 | D:5      | Gained mutation: You sometimes emit foul miasma when
                  | damaged in melee. [demonic ancestry]
  4547 | D:5      | Reached XP level 7. HP: 22/53 MP: 10/12
  4560 | D:5      | Noticed a soul eater
  4564 | D:5      | Killed a kobold demonologist
  4573 | D:5      | Gained mutation: You have a pair of horns on your head.
                  | [demonic ancestry]
  4573 | D:5      | Reached XP level 8. HP: 6/55 MP: 11/14
  4815 | D:5      | Learned a level 1 spell: Beastly Appendage
  4818 | D:5      | Learned a level 2 spell: Wereblood
  5009 | D:5      | Reached skill level 5 in Conjurations
  5108 | D:5      | Noticed a kobold demonologist
  5112 | D:5      | Noticed a red devil
  5121 | D:5      | Gained mutation: You have a pair of large horns on your
                  | head. [potion of mutation]
  5121 | D:5      | Gained mutation: You possess an exceptional clarity of
                  | mind. [potion of mutation]
  5121 | D:5      | Gained mutation: You expend magic power (3 MP) to
                  | strengthen your wands. [potion of mutation]
  5121 | D:5      | Gained mutation: Your movements are slightly less
                  | encumbered by armour. (ER -2) [potion of mutation]
  5121 | D:5      | HP: 2/61 [kobold demonologist/+0 dagger (2)]
  5122 | D:5      | Demolished by a red devil

Illustrated notes

Levels and vault maps discovered:
D:1:      moated_graveyard_arrival, layout_loops_corners, serial_shops, shop,
          nicolae_book_shop_shelving, shop, shop,
          nicolae_shop_just_a_little_nook, minmay_misc_feat_tiny
D:2:      layout_rooms, serial_glass, glass_columns_c, glass_columns_a
D:3:      layout_loops_ring, nemelex_spade_bored_becter,
          mainiacjoe_overflow_paths, cheibrodos_sewer_entry_bend
D:4:      layout_loops_corners, marbit_many_paths, nicolae_ru_awakened_eye
D:5:      layout_loops_ring, overflow_temple_1_default, st_stairs_6,
          uniq_crazy_yiuf_cottage

Skill      XL: |  1  2  3  4  5  6  7  8 |
---------------+-------------------------+-----
Dodging        | 2 |  2.7
Axes           | 3 4 |  4.5
Necromancy     | 1 |  1.7
Translocations | 1 |  1.5
Fighting       | 3 4 |  4.4
Spellcasting   | 3 4 |  4.2
Conjurations   | 4 5 |  5.0
Armour         | 1 2 |  2.7
Transmutations | 1 2 |  2.4

Action                     |  1- 3 |  4- 6 |  7- 9 || total
---------------------------+-------+-------+-------++-------
  Melee: Hand axe          |   145 |   202 |    65 ||   412
         Punch             |     1 |       |       ||     1
         Kick              |    10 |    52 |    11 ||    73
         Headbutt          |       |    33 |    13 ||    46
  Throw: Dart              |       |       |     2 ||     2
         Boomerang         |       |       |     2 ||     2
   Cast: Kiss of Death     |     1 |     1 |     2 ||     4
         Momentum Strike   |     1 |     1 |     1 ||     3
         Beastly Appendage |       |       |     1 ||     1
    Use: Scroll            |     5 |     6 |     1 ||    12
         Potion            |     1 |     1 |     5 ||     7
 Armour: Leather armour    |    83 |    54 |    18 ||   155
  Dodge: Dodged            |   132 |   127 |    50 ||   309
